Map: Temple gelé

Players

zidar - Winner!

  • Race: Zerg Zerg
  • League: Platinum
  • Spawn Location: 11:00

hydralisk

  • Race: Zerg Zerg
  • League: Gold
  • Spawn Location: 5:00

VOD

Have the link to the VOD?

Description

Time

  • Played on: Oct. 12, 2016, 9:57 a.m.
  • Length: 9:12
Show
View Real Time Build Order
Export as new Build Order

zidar Zerg - Winner!

Build Orders: Pool First 

Get SALT Encoding   

  12  0:01  Drone  
  13  0:12  Overlord  
  13  0:17  Drone  
  14  0:31  Drone x2  
  16  0:43  Spawning Pool  
  16  0:45  Drone  
  16  1:09  Hatchery  
  15  1:11  Drone  
  15  1:17  Extractor, Drone  
  16  1:32  Drone x2  
  18  1:45  Roach Warren, Drone x2  
  19  1:55  Queen  
  21  2:03  Overlord  
  21  2:07  Drone  
  22  2:28  Extractor  
  21  2:33  Queen  
  23  2:44  Drone x2  
  23  2:45  Drone x4  
  29  3:21  Roach  
  29  3:22  Roach x2  
  35  3:27  Overlord x2  
  34  3:56  Evolution Chamber  
  33  4:07  Roach  
  33  4:08  Roach x4  
  43  4:11  Overlord x2  
  43  4:12  Overlord  
  38  4:47  Zerg Missile Weapons Level 1  
  38  4:57  Roach  
  38  4:58  Roach x8  
  56  5:06  Drone x3  
  59  5:22  Roach x3  
  65  5:38  Ravager  
  65  5:41  Overlord x2  
  66  6:05  Roach x7  
  56  6:57  Drone x4  
  56  6:58  Drone x2  
  62  7:02  Drone  
  62  7:03  Drone  
  64  7:24  Ravager  
  64  7:25  Ravager  
Show
View Real Time Build Order
Export as new Build Order

hydralisk Zerg 

Build Orders: Hatch First 

Get SALT Encoding   

  12  0:01  Drone  
  13  0:12  Overlord  
  13  0:17  Drone  
  14  0:31  Drone x2  
  16  0:45  Drone  
  17  0:53  Hatchery  
  17  0:56  Drone  
  17  1:12  Spawning Pool  
  17  1:14  Drone  
  17  1:21  Extractor  
  16  1:32  Drone x3  
  19  1:51  Overlord  
  19  1:58  Queen  
  21  2:03  Zergling x2  
  21  2:05  Queen  
  21  2:08  Drone  
  25  2:10  Zergling x2  
  26  2:17  Drone  
  26  2:22  Zergling x2  
  28  2:27  Metabolic Boost  
  28  2:36  Drone  
  28  2:37  Drone  
  30  2:46  Zergling x2  
  30  2:47  Zergling x2  
  32  3:05  Overlord  
  32  3:06  Overlord x3  
  29  3:31  Zergling x4  
  29  3:32  Zergling x2  
  32  3:37  Zergling x6  
  34  3:49  Zergling x4  
  35  3:55  Extractor  
  34  4:03  Drone  
  34  4:04  Drone x4  
  38  4:29  Zergling x6  
  38  4:30  Zergling x4  
  39  4:38  Zergling x6  
  39  4:58  Roach Warren  
  39  4:59  Lair  
  38  5:04  Zergling x10  
  43  5:15  Spine Crawler  
  43  5:21  Drone x4  
  43  5:22  Drone x2  
  48  5:39  Roach x4  
  56  5:44  Overlord  
  56  6:00  Hydralisk Den  
  56  6:01  Roach x2  
  59  6:13  Roach x3  
  64  6:19  Roach  
  62  6:41  Roach x3  
  62  6:42  Roach  
  62  6:54  Hydralisk  
  62  6:55  Hydralisk x2  
  62  6:56  Overlord  
  68  7:04  Extractor  
  68  7:07  Extractor  
  66  7:11  Hydralisk  
  66  7:15  Overlord x3  
  68  7:30  Zergling x4  
  62  7:38  Zergling x2  
  62  7:39  Zergling x6  
  56  7:49  Roach x3  
  56  7:50  Roach x2  
  43  8:01  Spine Crawler  
  43  8:04  Spine Crawler  
  36  8:06  Roach x3  
  39  8:16  Roach  
  39  8:17  Roach  
  25  8:29  Roach x2  
  19  8:47  Roach x3  
  21  8:55  Spawning Pool  
Tags
 
Add a new tag
Caveats
  • Supply blocks, unpowered buildings, or Contaminate may cause inaccurate times.
  • Supply counts are checked every 10 seconds.